 Dungeon Crawl Stone Soup version 0.32-a0-913-g739538afd8 (webtiles) character file.

Game seed: 15770861468966537693

756 Errthou the Cleaver (level 7, -21/57 HPs)
             Began as a Minotaur Fighter on Apr 9, 2024.
             Was an Initiate of Makhleb.
             Killed from afar by a gargoyle (26 damage)
             ... with a stone arrow
             ... on level 5 of the Dungeon.
             The game lasted 00:12:51 (2697 turns).

Errthou the Cleaver (Minotaur Fighter)              Turns: 2697, Time: 00:12:52

Health: -21/57     AC:  9    Str: 22    XL:     7   Next: 50%
Magic:  6/6        EV: 13    Int: 11    God:    Makhleb [......]
Gold:   162        SH:  4    Dex: 10    Spells: 6/6 levels left

rFire   . . .        y - +6 hand axe of Due Proportion {venom, *Noise Int+6 Stlth+}
rCold   . . .        c - +0 buckler
rNeg    . . .        b - +0 scale mail
rPois   .            (helmet restricted)
rElec   .            z - +1 cloak
rCorr   .            (no gloves)
SInv    .            (no boots)
Will    .....        m - amulet of magic regeneration
Stlth   +            j - +5 ring of evasion
HPRegen 0.29/turn    (no ring)
MPRegen 0.50/turn

%: no passive effects
@: hasted, very quick
A: horns 2, retaliatory headbutt
a: Renounce Religion


You were on level 5 of the Dungeon.
You worshipped Makhleb.
Makhleb was noncommittal.
You visited 1 branch of the dungeon, and saw 5 of its levels.

You collected 162 gold pieces.

Inventory:

Hand Weapons
 a - a +0 war axe
 y - the +6 hand axe of Due Proportion (weapon) {venom, *Noise Int+6 Stlth+}
   (You found it on level 5 of the Dungeon)

   Int+6:     It affects your intelligence (+6).
   *Noise:    It may make a loud noise when swung.
   Stlth+:    It makes you more stealthy.
Missiles
 q - 2 throwing nets (quivered)
Armour
 b - a +0 scale mail (worn)
 c - a +0 buckler (worn)
 z - a +1 cloak (worn)
Jewellery
 j - a +5 ring of evasion (left hand)
 m - an amulet of magic regeneration (around neck)
Wands
 x - a wand of charming (11)
Scrolls
 f - 8 scrolls of identify {unknown}
 g - a scroll of vulnerability {unknown}
 h - 2 scrolls of teleportation {unknown}
 i - a scroll of amnesia {unknown}
 k - 3 scrolls of immolation {unknown}
 v - a scroll of silence {unknown}
Potions
 d - 2 potions of might
 e - 4 potions of haste
 l - a potion of invisibility {unknown}
 n - a potion of enlightenment {unknown}
 o - 2 potions of berserk rage {unknown}
 p - a potion of lignification {unknown}
 r - a potion of mutation {unknown}
 s - a potion of heal wounds {unknown}
 t - 2 potions of curing {unknown}
 u - a potion of attraction {unknown}
 w - a potion of brilliance {unknown}


   Skills:
 - Level 3.6 Fighting
 + Level 10.3 Axes
 - Level 3.6 Armour
 - Level 3.6 Shields


You had 6 spell levels left.
You didn't know any spells.
Your spell library contained the following spells:

 Spells                   Type           Power      Damage    Failure   Level
 Scorch                   Fire           0%         2d5       86%         2
 Flame Wave               Conj/Fire      0%         2d4       100%        4
 Summon Cactus Giant      Summ           0%         N/A       100%        6


Dungeon Overview and Level Annotations

Branches:
Dungeon (5/15)
 Temple: D:4-7

Altars:
Makhleb
Yredelemnul


Innate Abilities, Weirdness & Mutations

You have a pair of horns on your head.
You reflexively headbutt those who attack you in melee.


Message History

The phantom hits you.
The phantom blinks!
You blink.
Found 9 gold pieces.
Your Axes skill increases to level 10!
You slash the phantom! Your headbutt misses the phantom.
The phantom is severely damaged.
The phantom closely misses you. You furiously retaliate!
You headbutt the phantom!
You destroy the phantom!
Makhleb accepts your kill.
You see here 9 gold pieces.
The gargoyle hurls a stone arrow at you.
The stone arrow misses you.
You hit the gargoyle.
The gargoyle is lightly damaged.
The gargoyle hits you with a +0 mace!
You hit the gargoyle but do no damage.
The gargoyle is lightly damaged.
The gargoyle hurls a stone arrow at you.
The stone arrow misses you.
You barely miss the gargoyle.
You headbutt the gargoyle, but do no damage.
The gargoyle is lightly damaged.
The gargoyle closely misses you. You furiously retaliate!
You headbutt the gargoyle. You slash the gargoyle!
Your hand axe of Due Proportion shouts, "Whoopee!"
Your headbutt misses the gargoyle.
The gargoyle is severely damaged.
You barely miss the gargoyle.
The gargoyle is severely damaged.
The gargoyle hurls a stone arrow at you.
The stone arrow hits you!!
You hit the gargoyle but do no damage.
The gargoyle is severely damaged.
The gargoyle hurls a stone arrow at you.
The stone arrow hits you!
* * * LOW HITPOINT WARNING * * *
It was a potion of haste.
You feel yourself speed up.
The gargoyle hurls a stone arrow at you.
The stone arrow hits you!!
You die...

## #..##..#
#...
#...#..##..#
####
#.#.#.#..#.#
..f#......#
##'#######'##
### ♣♣
#....#...†.#
..# ♣. #.#
#.#.#.# ..#
♣♣.♣♣
#$##.#..#..#
..# ♣♣PP.♣
#.@9.))#.#.#
.##


♣PPP♣ ######.....# ..# ##..## ####### ..####....# .........## ........##
.......## .......# .......# You could see a gargoyle.

Vanquished Creatures
  Eustachio (D:5)
  A black bear (D:5)
  2 phantoms (D:5)
  A scorpion (D:5)
  A bombardier beetle (D:4)
  A hound (D:5)
  Robin (D:2)
  9 adders
  3 gnolls (D:3)
  A shadow imp (D:5)
  A white imp (D:5)
  3 dart slugs
  11 orcs
  7 ball pythons
  10 bats
  7 endoplasms
  4 giant cockroaches
  12 goblins
  5 hobgoblins
  6 jackals (D:2)
  5 quokkas
  2 frilled lizards (D:2)
  9 kobolds
  6 rats
109 creatures vanquished.

Notes
Turn   | Place    | Note
-------+----------+-------------------------------------------
     0 | D:1      | Errthou the Minotaur Fighter began the quest for the Orb.
     0 | D:1      | Reached XP level 1. HP: 19/19 MP: 0/0
    68 | D:1      | Reached skill level 3 in Axes
   158 | D:1      | Reached XP level 2. HP: 26/26 MP: 1/1
   234 | D:1      | Reached skill level 4 in Axes
   377 | D:2      | Reached XP level 3. HP: 31/31 MP: 2/2
   401 | D:2      | Noticed Robin
   408 | D:2      | Killed Robin
   409 | D:2      | Reached skill level 5 in Axes
   457 | D:2      | Reached XP level 4. HP: 39/39 MP: 3/3
   493 | D:2      | Found a faded altar of an unknown god.
  1073 | D:3      | Reached skill level 6 in Axes
  1180 | D:3      | Reached XP level 5. HP: 45/45 MP: 4/4
  1611 | D:4      | Found a burning altar of Makhleb.
  1629 | D:4      | Became a worshipper of Makhleb the Destroyer
  1711 | D:4      | Found a basalt altar of Yredelemnul.
  1772 | D:4      | Reached skill level 7 in Axes
  1978 | D:5      | Entered Level 5 of the Dungeon
  2139 | D:5      | Identified the +6 hand axe of Due Proportion {venom, *Noise
                  | Int+6 Stlth+}
  2148 | D:5      | Reached XP level 6. HP: 44/51 MP: 5/5
  2197 | D:5      | Noticed Eustachio
  2212 | D:5      | Killed Eustachio
  2213 | D:5      | Reached skill level 8 in Axes
  2412 | D:5      | Reached skill level 9 in Axes
  2412 | D:5      | Reached XP level 7. HP: 53/57 MP: 6/6
  2656 | D:5      | Noticed a gargoyle
  2687 | D:5      | Reached skill level 10 in Axes
  2697 | D:5      | Killed from afar by a gargoyle

Illustrated notes

Levels and vault maps discovered:
D:1:      grunt_arrival_lava_bath, layout_basic
D:2:      layout_basic, hellmonk_ecumenical_altar_run_dry,
          minmay_misc_feat_room, hangedman_decor_growths,
          minmay_misc_feat_secret_circle, uniq_robin
D:3:      layout_rooms
D:4:      layout_basic, lemuel_tele_altar, nicolae_overflow_crystal_walls
D:5:      minmay_clustersquares, layout_basic, elyvilon_altar_3,
          uniq_crazy_yiuf_cottage, uniq_eustachio

Skill      XL: |  1  2  3  4  5  6  7 |
---------------+----------------------+-----
Axes           | 3 4 5 6 7 9 10 | 10.3
Fighting       | |  3.6
Armour         | |  3.6
Shields        | |  3.6

Action                     |  1- 3 |  4- 6 |  7- 9 || total
---------------------------+-------+-------+-------++-------
  Melee: War axe           |    77 |   114 |       ||   191
         Headbutt          |     2 |    17 |     4 ||    23
         Hand axe          |       |     8 |    26 ||    34
    Use: Potion            |       |       |     1 ||     1
 Armour: Scale mail        |    60 |    55 |    15 ||   130
  Dodge: Dodged            |    42 |   101 |     8 ||   151
  Block: Buckler           |    28 |    31 |       ||    59

Table legend: (Time is in decaauts)
 A = Elapsed time spent in this place.
 B = Non-inter-level travel time spent in this place.
 C = Inter-level travel time spent in this place.
 D = Time resting spent in this place.
 E = Time spent auto-exploring this place.
 F = Levels seen in this place.
 G = Mean time per level.
                   A        B        C        D        E       F      G
               +--------+--------+--------+--------+--------+-----+--------+
         Total |   2741 |   2653 |     88 |    265 |   1794 |   5 |  548.2 |
       Dungeon |   2741 |   2653 |     88 |    265 |   1794 |   5 |  548.2 |
               +--------+--------+--------+--------+--------+-----+--------+

Top non-repeatable levels by time:
     D:5: 715 daAuts
     D:2: 707 daAuts
     D:4: 513 daAuts
     D:3: 417 daAuts
     D:1: 387 daAuts
